 Dungeon Crawl Stone Soup version 0.19.1 (webtiles) character file.

6386 AAAAA the Thaumaturge (level 10, -2/84 HPs)
             Began as a Demigod Wanderer on Nov 26, 2016.
             Killed from afar by a deep elf mage (22 damage)
             ... with a bolt of negative energy
             ... on level 9 of the Dungeon.
             The game lasted 00:21:03 (11185 turns).

AAAAA the Thaumaturge (Demigod Wanderer)           Turns: 11185, Time: 00:21:04

Health: -2/84      AC: 14    Str: 17    XL:     10   Next: 39%
Magic:  15/35      EV:  9    Int: 18    God:
Gold:   487        SH:  0    Dex: 17    Spells: 1 memorised, 23 levels left

rFire  . . .     SeeInvis .     F - +1 flail (protect)
rCold  . . .     Gourm    .     a - +2 scale mail
rNeg   . . .     Faith    .     (no shield)
rPois  .         Spirit   .     C - +2 hat
rElec  .         Reflect  .     B - +2 cloak
rCorr  .         Harm     .     T - +0 pair of gloves
MR     +....                    (no boots)
Stlth  ..........               (no amulet)
                                (no ring)
                                m - ring of magical power

@: lethally poisoned (-2 -> -23), very slightly contaminated, regenerating,
drained
A: high mp 1
a: no special abilities


You were on level 9 of the Dungeon.
You were not hungry.

You visited 1 branch of the dungeon, and saw 9 of its levels.
You also visited: Ossuary.

You collected 487 gold pieces.

Inventory:

Hand Weapons
 r - a +0 short sword of draining
 w - a +0 blowgun
 F - a +1 flail of protection (weapon)
 I - a +3 quarterstaff of chaos
Missiles
 e - 260 stones (quivered)
 o - 11 tomahawks
 x - 49 poisoned needles
 G - 2 javelins
Armour
 a - a +2 scale mail (worn)
 B - a +2 cloak (worn)
 C - a +2 hat (worn)
 O - a +0 helmet
 T - a +0 pair of gloves (worn)
Jewellery
 m - a ring of magical power (left hand)
 L - an uncursed ring of protection from magic {unknown}
 Q - an uncursed ring of stealth {unknown}
Wands
 S - a wand of disintegration (12/24)
Scrolls
 c - 5 scrolls of remove curse
 d - a scroll of random uselessness {unknown}
 j - 4 scrolls of recharging
 u - a scroll of magic mapping {unknown}
 y - 3 scrolls of identify
 E - 3 scrolls of fog {unknown}
 H - a scroll of blinking {unknown}
 J - a scroll of teleportation
 V - a scroll of enchant weapon {unknown}
Potions
 g - 3 potions of lignification
 h - 2 potions of heal wounds
 l - a potion of flight {unknown}
 n - a potion of ambrosia {unknown}
 p - a potion of might
 q - 2 potions of haste {unknown}
 s - 3 potions of magic
 t - 4 potions of curing
 v - a potion of brilliance {unknown}
 z - a potion of mutation {unknown}
 A - 2 potions of agility {unknown}
 D - a potion of berserk rage {unknown}
 K - a potion of resistance {unknown}
 U - a potion of beneficial mutation {unknown}
Books
 b - Ecrutin's Tome of Black Magic

   Spells                             Type                      Level
   a - Pain                           Necromancy                   1
   b - Regeneration                   Charms/Necromancy            3
 P - a book of Beasts

   Spells                             Type                      Level
   a - Summon Butterflies             Summoning                    1
   b - Call Canine Familiar           Summoning                    3
   c - Summon Ice Beast               Ice/Summoning                4
   d - Summon Mana Viper              Hexes/Summoning              5
   e - Summon Hydra                   Summoning                    7
Comestibles
 f - 10 bread rations
 i - 5 meat rations
 k - 7 beef jerkies
 M - 5 fruits
 N - 7 slices of pizza
 R - 5 chunks of flesh


   Skills:
 + Level 6.9(6.3) Fighting
   Level 1.0(0.4) Crossbows
 - Level 1.0(0.4) Throwing
 - Level 1.7(1.2) Armour
 + Level 6.6(6.0) Unarmed Combat
 - Level 8.7(8.0) Spellcasting
 - Level 7.0(6.4) Charms
 - Level 1.0(0.4) Evocations


You had 23 spell levels left.
You knew the following spells:

 Your Spells              Type           Power        Failure   Level  Hunger
a - Regeneration          Chrm/Necr      ###.......   30%         3    #......


Dungeon Overview and Level Annotations

Branches:
Dungeon (9/15)             Temple (0/1) D:5
   Lair: D:8-11         Orc: D:9-12


Innate Abilities, Weirdness & Mutations

You have an increased reservoir of magic. (+10% MP)


Message History

The deep elf mage hits you but does no damage.
You barely miss the deep elf mage.
The deep elf mage is severely wounded.
You feel very sick. The redback bites you. The hellwing closely misses you.
The hellwing hits you. The neqoxec gestures at you.
Something tries to feed on your intellect!
The redback bites you but does no damage.
The deep elf mage closely misses you.
You closely miss the deep elf mage.
The deep elf mage is severely wounded.
You feel extremely sick. The redback closely misses you.
The hellwing closely misses you. The hellwing hits you.
* * * LOW HITPOINT WARNING * * *
The redback bites you.
* * * LOW HITPOINT WARNING * * *
The deep elf mage points at you and mumbles some strange words.
The bolt of negative energy hits you!
You feel drained.
You die...

## .# #. ##r####
#.3se4# #####@# .
##s# .# #..# .
##.##
##############..#
#.............##
#....##########
#....# ##....#


You could see a demonic crawler, a hellwing, a deep elf mage, a neqoxec, a
redback and a hell rat.

Vanquished Creatures
  A cyclops (D:9)
  Joseph (D:7)
  Prince Ribbit (D:5)
  A hippogriff (D:7)
  A wraith (Ossuary)
  3 yaks (D:9)
  4 hogs (D:7)
  A human (D:7)
  2 hungry ghosts (D:7)
  Menkaure (D:7)
  A water moccasin (D:8)
  3 ice beasts
  A black bear (D:7)
  An orc warrior (D:7)
  A sky beast (D:5)
  7 ogres
  A phantom (D:4)
  5 centaurs
  8 bullfrogs
  A scorpion (D:5)
  10 wights
  A crimson imp (D:7)
  A howler monkey (D:6)
  A centaur zombie (D:6)
  2 jellies
  An orc priest (D:7)
  Crazy Yiuf (D:5)
  A bullfrog skeleton (D:6)
  3 hounds
  3 orc wizards (D:5)
  4 iguanas
  8 worker ants
  A hound zombie (D:7)
  A mummy (Ossuary)
  10 adders
  4 gnolls
  A shadow imp (D:7)
  An ooze (D:2)
  An adder zombie (D:5)
  2 adder skeletons
  A worm (D:1)
  A dart slug (D:1)
  3 leopard geckos
  18 orcs
  2 ball pythons
  3 giant cockroaches
  2 goblins
  3 hobgoblins
  A jackal (D:6)
  4 quokkas
  A ball python zombie (D:6)
  8 bats
  4 frilled lizards
  5 gnoll skeletons (Ossuary)
  7 kobolds
  4 kobold skeletons (Ossuary)
  16 orc skeletons (Ossuary)
  A quokka skeleton (D:4)
  5 rats
191 creatures vanquished.

Notes
Turn   | Place    | Note
-------+----------+-------------------------------------------
     0 | D:1      | AAAAA the Demigod Wanderer began the quest for the Orb.
     0 | D:1      | AAAAA set off with: a +2 scale mail, Ecrutin's Tome of Black Magic, a potion of curing, a +0 dagger, a bread ration
     0 | D:1      | Reached XP level 1. HP: 17/17 MP: 5/5
     0 | D:1      | Identified Ecrutin's Tome of Black Magic
   228 | D:1      | Reached skill level 2 in Spellcasting
   741 | D:2      | Reached XP level 2. HP: 24/24 MP: 8/8
  2193 | D:2      | Reached skill level 3 in Spellcasting
  2193 | D:2      | Reached XP level 3. HP: 23/29 MP: 10/10
  2893 | D:3      | Reached XP level 4. HP: 26/36 MP: 12/12
  2973 | D:3      | Learned a level 3 spell: Regeneration
  2999 | D:3      | Reached skill level 4 in Spellcasting
  3091 | D:3      | HP: 1/36 [poisoned by a kobold]
  3811 | D:4      | Noticed an ogre
  3822 | D:4      | Killed an ogre
  3822 | D:4      | Reached XP level 5. HP: 20/41 MP: 14/14
  4011 | D:4      | Found a bloodstained altar of Trog.
  4107 | D:4      | Noticed a phantom
  4284 | D:4      | Found a stormy altar of Qazlal.
  4284 | D:4      | Found a hazy altar of Hepliaklqana.
  4543 | D:4      | Noticed an ogre
  4551 | D:4      | Killed an ogre
  4551 | D:4      | Reached XP level 6. HP: 34/48 MP: 16/16
  4609 | D:4      | Reached skill level 5 in Spellcasting
  5127 | D:5      | Entered Level 5 of the Dungeon
  5216 | D:5      | Reached XP level 7. HP: 39/53 MP: 19/19
  5329 | D:5      | Noticed Prince Ribbit
  5380 | D:4      | Found a deep blue altar of Sif Muna.
  5380 | D:4      | Found a snail-covered altar of Cheibriados.
  5783 | D:5      | Reached skill level 6 in Spellcasting
  6089 | D:5      | Reached skill level 5 in Charms
  6191 | D:5      | Found a shimmering altar of Xom.
  6191 | D:5      | Found a glowing silver altar of Zin.
  6193 | D:5      | Noticed an angel
  6526 | D:4      | Reached XP level 8. HP: 16/60 MP: 22/22
  6760 | D:5      | Killed Prince Ribbit
  6760 | D:5      | Reached skill level 7 in Spellcasting
  6971 | D:5      | Found a sparkling altar of Nemelex Xobeh.
  7029 | D:5      | Found a glowing golden altar of the Shining One.
  7208 | D:5      | Found a runed door.
  7708 | D:5      | Found a staircase to the Ecumenical Temple.
  7792 | D:5      | Noticed Crazy Yiuf
  7802 | D:5      | Killed Crazy Yiuf
  7987 | D:6      | Reached skill level 8 in Spellcasting
  8158 | D:6      | Found a sand-covered staircase.
  8184 | Ossuary  | Entered an ossuary
  8367 | Ossuary  | Reached XP level 9. HP: 21/67 MP: 25/25
  8977 | D:7      | Reached skill level 1 in Unarmed Combat
  9540 | D:7      | Noticed Joseph
  9595 | D:7      | Killed Joseph
  9687 | D:7      | Noticed Menkaure
  9702 | D:7      | Killed Menkaure
  9702 | D:7      | Reached skill level 5 in Fighting
  9898 | D:7      | Reached skill level 5 in Unarmed Combat
  9929 | D:7      | Reached XP level 10. HP: 25/81 MP: 14/26
 10528 | D:8      | Found a sacrificial altar of Ru.
 11143 | D:9      | Noticed a cyclops
 11175 | D:9      | Noticed a deep elf mage
 11176 | D:9      | Killed a cyclops
 11185 | D:9      | Killed from afar by a deep elf mage

Skill      XL: |  1  2  3  4  5  6  7  8  9 10 |
---------------+-------------------------------+-----
Spellcasting   | 2 3 4 5 6 8 |  8.7
Charms         | 2 3 4 5 6 7 |  7.0
Fighting       | 5 6 |  6.9
Unarmed Combat | 5 6 |  6.6
Crossbows      | |  1.0
Throwing       | |  1.0
Armour         | |  1.7
Evocations     | |  1.0

Action                   |  1- 3 |  4- 6 |  7- 9 | 10-12 || total
-------------------------+-------+-------+-------+-------++-------
Melee: Dagger            |   132 |       |       |       ||   132
       Short sword       |    75 |   190 |   327 |       ||   592
       Flail             |       |       |   407 |   183 ||   590
       Quarterstaff      |       |       |    20 |       ||    20
       Punch             |       |       |     4 |     7 ||    11
 Cast: Regeneration      |       |       |    60 |    29 ||    89
  Use: Potion            |     1 |       |     2 |       ||     3
       Scroll            |       |     4 |     8 |       ||    12
 Stab: Invisible         |       |       |     3 |       ||     3
  Eat: Chunk             |     6 |     8 |    25 |     6 ||    45
       Meat ration       |       |       |     1 |       ||     1
       Royal jelly       |       |       |     1 |       ||     1
       Pizza             |       |       |     1 |       ||     1
Armor: Scale mail        |   119 |    91 |   529 |   136 ||   875
Dodge: Dodged            |   103 |    94 |   405 |   138 ||   740
